Unix NetHack Version 5.0.0-0 post-release - last build May 17 2026 04:57:42 (dc50c8380fa5e20985bfe3072449f57b8d9895ef,branch:main).

Game began 2026-05-21 03:56:52, ended 2026-05-21 04:10:56.

CyberFan, lawful male dwarven Archeologist

                        -----
                       --.|.---.-
                       |rrr@.....
                      ....rrd.....
                      ...-..)....-          ---
                       ........G...|.----   |..|
                         ...............|  --..|
                          ---...........----...-       - ---
                       G  ...............|.......     . .....
                       G  ----.|..^.........<..-
                             -.|.......|..)--.--
                            |.........---...|----
                            -.--..      ---.|--.|
                             .            |.|...|
                                          |...---
                                          -----

CyberFan the Field Worker  St:14 Dx:12 Co:11 In:13 Wi:14 Ch:11  Lawful
Dlvl:6  $:24 HP:0(28) Pw:9(9) AC:8  Xp:3/42 T:1632 

Latest messages:
 The little dog bites the gnome.
 The little dog misses the gnome.
 The little dog misses the gnome.
 You hear some noises in the distance.
 You hear some noises.
 You hear some noises in the distance.
 You hear some noises.
 You hear a G sharp squeak in the distance.
 You kill the coyote!
 B - an emerald potion.
 You see here a coyote corpse.
 There is a coyote corpse here; eat it? [ynq] (n)
 Blecch!  Rotten food!
 You finish eating the coyote corpse.
 You see here a dagger.
 You hear a G sharp squeak in the distance.
 Pick a monster, object or location.
 You hear some noises in the distance.
 You find an arrow trap.
 You hear some noises in the distance.
 The wererat wields a dagger!
 The wererat throws a dagger!
 You are hit by a dagger.
 The wererat wields a dagger!
 C - a blue gem.
 You hit the wererat.
 The wererat thrusts his dagger.
 The wererat hits!
 The dog bites the gnome.
 The gnome misses the dog.
 You hit the wererat.
 The wererat changes into a rat.
 The wererat drops a dagger.
 The wererat bites!
 The wererat bites!
 The wererat changes into a human.
 You hit the wererat.
 The wererat changes into a rat.
 The wererat summons help!
 A rabid rat suddenly appears next to you!
 The wererat bites!
 The wererat summons help!
 A rabid rat suddenly appears next to you!
 A sewer rat suddenly appears next to you!
 A sewer rat suddenly appears next to you!
 The wererat bites!
 The dog bites the rabid rat.
 The rabid rat misses the dog.
 The rabid rat bites!
 You die...

Inventory:
 Coins    ('$')
  $ - 24 gold pieces
 Weapons  (')')
  a - an uncursed +2 bullwhip (alternate weapon; not wielded)
 Armor    ('[')
  c - an uncursed +0 fedora (being worn)
  z - a blessed +1 pair of iron shoes (being worn)
  A - a cursed -2 dwarvish cloak (being worn)
  b - an uncursed +0 leather jacket (being worn)
 Comestibles  ('%')
  d - 5 uncursed food rations
  n - an uncursed fortune cookie
  w - an uncursed homemade tin of acid blob
  s - an uncursed egg
  j - 2 uncursed lichen corpses
 Scrolls  ('?')
  i - an uncursed scroll of amnesia
  y - a blessed scroll of blank paper
  x - a cursed scroll of gold detection
  k - a cursed scroll of magic mapping
 Potions  ('!')
  B - an uncursed potion of booze
  q - an uncursed potion of gain energy
  m - an uncursed potion of healing
  l - a blessed potion of paralysis
  u - an uncursed potion of sickness
 Tools    ('(')
  h - an empty uncursed sack
  p - an uncursed oil lamp (lit)
  e - an uncursed +0 pick-axe (weapon in left hand)
  f - an uncursed tinning kit (0:98)
 Gems/Stones  ('*')
  r - an uncursed amethyst stone
  C - an uncursed fluorite stone
  g - an uncursed touchstone

CyberFan the Archeologist's attributes:

Background:
 You were a Field Worker, a level 3 male dwarven Archeologist.
 You were lawful, nominally on a mission for Quetzalcoatl
 who was opposed by Camaxtli (neutral) and Huhetotl (chaotic).
 You were left-handed.
 You were in the Gnomish Mines, on level 6.
 You entered the dungeon 1632 turns ago.
 It was nighttime.
 You had 42 experience points, 38 more were needed to attain level 4.

Basics:
 You had 0 out of 28 hit points.
 You had all 9 energy points (spell power).
 Your armor class was 8.
 Your wallet contained 24 zorkmids.
 Autopickup was on for '$%?!"=/*', with exceptions.

Final Characteristics:
 Your strength was 14 (limit:18/100).
 Your dexterity was 12 (limit:20).
 Your constitution was 11 (limit:20).
 Your intelligence was 13 (limit:16).
 Your wisdom was 14 (limit:16).
 Your charisma was 11 (limit:16).

Final Status:
 You weren't hungry.
 You were unencumbered.
 You were wielding a pick-axe.
 You had basic skill with pick-axe.

Final Attributes:
 You were devoutly aligned.
 Your items were somewhat protected from fire.
 Your items were somewhat protected from cold.
 You had automatic searching.
 You had infravision.
 You were warded.
 You were lucky.
 You are dead.

Miscellaneous:
 You disabled loading and storing of bones levels.
 Total elapsed playing time was 14 minutes and 3 seconds.

Major events:
 Turn
    1: CyberFan the lawful male dwarven Archeologist entered the dungeon
  881: entered the Gnomish Mines
 1544: attained the rank of Field Worker (level 3)
 1632: killed by a rabid rat

You didn't know any spells.

Skills:
 Fighting Skills
   bare handed combat [Unskilled]
   two weapon combat  [Unskilled]
   riding             [Unskilled]
 Weapon Skills
   dagger             [Unskilled]
   knife              [Unskilled]
   pick-axe           [Basic]
   short sword        [Unskilled]
   saber              [Unskilled]
   club               [Unskilled]
   quarterstaff       [Unskilled]
   sling              [Unskilled]
   dart               [Unskilled]
   boomerang          [Unskilled]
   whip               [Basic]
   unicorn horn       [Unskilled]
 Spellcasting Skills
   attack spells      [Unskilled]
   healing spells     [Unskilled]
   divination spells  [Unskilled]
   matter spells      [Unskilled]

Voluntary challenges:
 Character rerolling was not enabled.
 You were an atheist.
 You never genocided any monsters.
 You never polymorphed an object.
 You never changed form.
 You used no wishes.
Achievements:
 You entered a shop.
 You entered the Gnomish Mines.
 You attained the rank of Field Worker.

 The Dungeons of Doom: levels 1 to 4
    Level 1:
    Level 2:
       A tool shop, a fountain.
    Level 3:
    Level 4:
       A scroll shop.
       Stairs down to The Gnomish Mines.
 The Gnomish Mines: levels 5 to 6
    Level 5:
    Level 6: <- You were here.
       Final resting place for
          you, killed by a rabid rat.


Vanquished creatures:
  a gnome leader
  a dwarf
  a werejackal
 an acid blob
  a coyote
  a hobbit
  2 manes
  a giant rat
  2 yellow molds
  a green mold
  3 gnomes
  a gnome zombie
  7 jackals
  a fox
  a goblin
  2 sewer rats
  2 grid bugs
  2 lichens
  4 newts
35 creatures vanquished.

No species were genocided or became extinct.

Game over:
                       ----------
                      /          \
                     /    REST    \
                    /      IN      \
                   /     PEACE      \
                  /                  \
                  |     CyberFan     |
                  |      24 Au       |
                  |   killed by a    |
                  |    rabid rat     |
                  |                  |
                  |                  |
                  |       2026       |
                 *|     *  *  *      | *
        _________)/\\_//(\/(/\)/\//\/|_)_______

Goodbye CyberFan the Archeologist...

You died in The Gnomish Mines on dungeon level 6 with 440 points,
and 24 pieces of gold, after 1632 moves.
You were level 3 with a maximum of 28 hit points when you died.

